 Dungeon Crawl Stone Soup version 0.24.0-123-gd5b16e6ec5 (webtiles) character file.

Game seed: 6006836723775353156, levelgen mode: deterministic

235 Curus the Twirler (level 5, 0/38 HPs)
             Began as a Demonspawn Gladiator on Dec 17, 2019.
             Slain by a rat (1 damage)
             ... on level 3 of the Dungeon.
             The game lasted 00:07:06 (1537 turns).

Curus the Twirler (Demonspawn Gladiator)            Turns: 1537, Time: 00:07:07

Health: 0/38       AC:  6    Str: 14    XL:     5   Next: 76%
Magic:  0/5        EV: 12    Int: 10    God:
Gold:   151        SH:  0    Dex: 15    Spells: 4/4 levels left

rFire    . . .     SeeInvis .   a - +0 quarterstaff
rCold    . . .     Gourm    +   (shield currently unavailable)
rNeg     . . .     Faith    .   b - +0 leather armour
rPois    .         Spirit   +   c - +0 helmet
rElec    .         Reflect  .   i - +1 cloak
rCorr    .         Harm     .   (no gloves)
MR       .....                  (no boots)
Stlth    +.........             j - amulet of the gourmand
HPRegen  0.12/turn              (no ring)
MPRegen  0.09/turn              (no ring)

@: no status effects
A: powered by pain 1, magic shield
a: no special abilities


You were on level 3 of the Dungeon.
You were not hungry.

You visited 1 branch of the dungeon, and saw 3 of its levels.

You collected 151 gold pieces.

Inventory:

Hand Weapons
 a - a +0 quarterstaff (weapon)
Missiles
 d - 3 throwing nets (quivered)
Armour
 b - a +0 leather armour (worn)
 c - a +0 helmet (worn)
 g - a -1 pair of boots
 i - a +1 cloak (worn)
Jewellery
 e - an uncursed amulet of faith
 j - an amulet of the gourmand (around neck)
Scrolls
 m - a scroll of random uselessness
 n - 2 scrolls of remove curse
Potions
 h - a potion of agility
Comestibles
 f - 3 rations


   Skills:
 - Level 2.0 Fighting
 + Level 6.0 Staves
 - Level 1.7 Throwing
 - Level 2.6 Dodging


You had 4 spell levels left.
You didn't know any spells.
Your spell library was empty.

Dungeon Overview and Level Annotations

Branches:
Dungeon (3/15)

Altars:
Fedhas
Okawaru


Innate Abilities, Weirdness & Mutations

You sometimes gain a little power by taking damage.
When hurt, damage is shared between your health and your magic reserves.


Message History

You bump into the rock wall.
Something hits you.
* * * LOW HITPOINT WARNING * * *
The orc hits you with a +0 hand axe.
* * * LOW HITPOINT WARNING * * *
The rat bites you but does no damage. The rat barely misses you.
You hit something.
Reactivating autopickup.
Your Staves skill gained 2 levels and is now at level 6!
You have reached level 5!
Your demonic ancestry asserts itself...
You feel your magical essence form a protective shroud around your flesh.
You feel a bit more experienced. The orc hits you with a +0 hand axe.
* * * LOW HITPOINT WARNING * * *
The rat barely misses you.
You bump into the rock wall.
The orc closely misses you. The rat misses you.
You feel less confused.
Found an iron altar of Okawaru.
You barely miss the rat. The rat bites you.
You die...

#+ #.. #. #.## #. #..#
#.# ###### ._ +..# #.#
#<...# ## #..###.#
####.# ## #.......
..##.# #..#######.#.##.#
#.##.# #......@r..#..#.#
#.##.# #.......o.....#.#
#.##.#
#....#.....#....###.##.#
#... #.....#...........#
#.. #.....#............
#. #<....#...>...)..## #
#.##.##..........# #.
...#..........# # ##
##.........#


You could see an orc and a rat.

Vanquished Creatures
  Sigmund (D:3)
  2 adders (D:2)
  2 oozes (D:1)
  2 worms (D:2)
  A dart slug (D:1)
  A leopard gecko (D:2)
  4 giant cockroaches (D:1)
  6 goblins
  2 hobgoblins
  4 jackals (D:1)
  A quokka (D:2)
  2 bats (D:1)
  4 frilled lizards (D:2)
  8 kobolds
  5 rats
45 creatures vanquished.

Notes
Turn   | Place    | Note
-------+----------+-------------------------------------------
     0 | D:1      | Curus the Demonspawn Gladiator began the quest for the Orb.
     0 | D:1      | Reached XP level 1. HP: 16/16 MP: 1/1
    65 | D:1      | Reached skill level 3 in Staves
   107 | D:1      | Gained mutation: You sometimes gain a little power by
                  | taking damage. [demonic ancestry]
   107 | D:1      | Reached XP level 2. HP: 22/22 MP: 2/2
   448 | D:1      | Reached XP level 3. HP: 27/27 MP: 3/3
   773 | D:2      | Reached skill level 4 in Staves
   961 | D:2      | Found a blossoming altar of Fedhas.
  1199 | D:2      | Reached XP level 4. HP: 30/33 MP: 4/4
  1513 | D:3      | Noticed Sigmund
  1532 | D:3      | HP: 1/33 [orc/+0 hand axe (5)]
  1534 | D:3      | Killed Sigmund
  1534 | D:3      | Reached skill level 6 in Staves
  1534 | D:3      | Gained mutation: When hurt, damage is shared between your
                  | health and your magic reserves. [demonic ancestry]
  1534 | D:3      | Reached XP level 5. HP: 2/38 MP: 5/5
  1536 | D:3      | Found an iron altar of Okawaru.
  1537 | D:3      | Slain by a rat

Levels and vault maps discovered:
D:1:      zaba_arrival_water, layout_basic
D:2:      layout_loops_ring, lemuel_crystal_altar, minmay_split_cup_small
D:3:      layout_basic, lemuel_doored_altar, uniq_sigmund, uniq_jessica

Skill      XL: |  1  2  3  4 |
---------------+-------------+-----
Staves         | 3 4 6 |  6.0
Fighting       | |  2.0
Throwing       | |  1.7
Dodging        | |  2.6

Action                   |  1- 3 |  4- 6 || total
-------------------------+-------+-------++-------
Melee: Quarterstaff      |    92 |    39 ||   131
  Use: Potion            |     4 |     2 ||     6
       Scroll            |     6 |       ||     6
 Stab: Sleeping          |     1 |       ||     1
  Eat: Chunk             |     2 |     1 ||     3
Armor: Leather armour    |    19 |    10 ||    29
Dodge: Dodged            |    53 |    19 ||    72
